 Dungeon Crawl Stone Soup version 0.31.0-11-ge490571c62 (webtiles) character file.

Game seed: 12299521180507032643

424 qw the Shooter (level 6, -5/30 HPs)
             Began as a Spriggan Hunter on Feb 4, 2024.
             Slain by a kobold brigand
             ... wielding a +0 dagger
              (7 damage)
             ... on level 4 of the Dungeon.
             The game lasted 00:00:14 (2584 turns).

qw the Shooter (Spriggan Hunter)                    Turns: 2584, Time: 00:00:15

Health: -5/30      AC:  4    Str:  7    XL:     6   Next: 64%
Magic:  7/7        EV: 27    Int: 10    God:
Gold:   231        SH:  0    Dex: 21    Spells: 5/5 levels left

rFire   . . .        a - +3 shortbow
rCold   . . .        (shield currently unavailable)
rNeg    . . .        h - +2 robe {Will+}
rPois   .            (helmet restricted)
rElec   .            (no cloak)
rCorr   .            (gloves unavailable)
SInv    +            (boots unavailable)
Will    ++...        l - amulet of the acrobat
Stlth   ++           k - +5 ring of evasion
HPRegen 0.25/turn    (no ring)
MPRegen 0.10/turn

%: acrobat
@: about to teleport, very quick
A: very small, no large weapons, unfitting armour, see invisible, speed 3
a: no special abilities


You were on level 4 of the Dungeon.
You visited 1 branch of the dungeon, and saw 4 of its levels.

You collected 231 gold pieces.


Innate Abilities, Weirdness & Mutations

You are very small and have problems with some larger weapons.
You are too small for most types of armour.
You have supernaturally acute eyesight. (SInv)
You cover ground extremely quickly. (Speed+++)


   Skills:
 - Level 2.0 Fighting
 + Level 6.6 Ranged Weapons
 - Level 6.2 Dodging
 - Level 1.5 Stealth


You had 5 spell levels left.
You didn't know any spells.
Your spell library was empty.

Inventory:

Hand Weapons
 a - a +3 shortbow (weapon)
Armour
 h - a +2 robe of willpower (worn)
Jewellery
 k - a +5 ring of evasion (left hand)
 l - an amulet of the acrobat (around neck)
Wands
 b - a wand of polymorph (5)
 c - a wand of roots (8)
Scrolls
 e - a scroll of identify
 f - a scroll of amnesia {unknown}
Potions
 j - a potion of heal wounds {unknown}

Dungeon Overview and Level Annotations

Branches:
Dungeon (4/15)
 Temple: D:4-7

Altars:
Gozag
Zin

Annotations:
D:3 1 runed translucent door, Crazy Yiuf


Message History

You shoot an arrow. The arrow hits the kobold brigand.
The kobold brigand is lightly wounded.
The gnoll misses you.
You shoot an arrow. The arrow hits the kobold brigand.
The kobold brigand is lightly wounded.
The kobold brigand hits you with a +0 dagger.
The kobold closely misses you. The gnoll misses you.
You shoot an arrow. The arrow hits the kobold brigand.
The kobold brigand is moderately wounded.
The kobold brigand completely misses you.
The kobold hits you with a +0 club.
The gnoll hits you from afar with a +0 spear.
You shoot an arrow.
The arrow closely misses the kobold brigand.
The kobold brigand completely misses you.
The kobold misses you. The gnoll closely misses you.
You shoot an arrow.
The arrow barely misses the kobold brigand.
The kobold brigand completely misses you.
The kobold completely misses you. The gnoll completely misses you.
You shoot an arrow.
The arrow closely misses the kobold brigand.
The kobold brigand barely misses you. The kobold hits you with a +0 club.
The gnoll hits you from afar with a +0 spear.
You shoot an arrow. The arrow hits the kobold brigand.
The kobold brigand is moderately wounded.
The kobold brigand closely misses you. The kobold completely misses you.
The gnoll completely misses you.
You shoot an arrow.
The arrow closely misses the kobold brigand.
The kobold brigand barely misses you. The kobold misses you.
The gnoll closely misses you.
The kobold brigand hits you with a +0 dagger!
The kobold completely misses you.
The gnoll hits you from afar with a +0 spear.
2584 ||| READING scroll of teleportation.
As you read the scroll of teleportation, it crumbles to dust.
You feel strangely unstable.
The kobold brigand hits you with a +0 dagger!
You die...

#####
###############...#
..............#...#
..............#.))#
...)..........##)##
...########....).#
...# #......#
..(########....K@#
..............##K#
..............#g).
.......((.....#.).#
###############...#
~~~~~~~~~~~~~~#####
~~~~~~~~~~~~~~~~~~
~~~~~~~~~~~~~~~~~~
~.~~~~.~~~~.~~~~.~


You could see a kobold brigand, a gnoll and a kobold.

Vanquished Creatures
  A kobold brigand (D:4)
  2 bombardier beetles
  Jessica (D:2)
  An iguana (D:4)
  An orc wizard (D:3)
  2 adders
  6 gnolls (D:4)
  3 dart slugs (D:1)
  5 orcs (D:3)
  11 endoplasms
  3 giant cockroaches
  7 goblins
  8 hobgoblins
  27 kobolds
  7 quokkas
  9 ball pythons
  13 bats
  7 frilled lizards
  10 rats
124 creatures vanquished.

Notes
Turn   | Place    | Note
-------+----------+-------------------------------------------
     0 | D:1      | qw the Spriggan Hunter began the quest for the Orb.
     0 | D:1      | Reached XP level 1. HP: 10/10 MP: 2/2
     0 | D:1      | 0 ||| qw: Version: 0.3-a-160-g6735b56
     0 | D:1      | 0 ||| qw: Game counter: 5590
     0 | D:1      | 0 ||| qw: Melee chars always use a shield: true
     0 | D:1      | 0 ||| qw: God list: Okawaru
     0 | D:1      | 0 ||| qw: Allow faded altars: false
     0 | D:1      | 0 ||| qw: Do Orc after clearing Dungeon:15 true
     0 | D:1      | 0 ||| qw: Do second Lair branch before Depths: true
     0 | D:1      | 0 ||| qw: Lair rune preference: random
     0 | D:1      | 0 ||| qw: Goals: Normal
     0 | D:1      | 0 ||| PLANNING D:1-11
    15 | D:1      | Reached skill level 3 in Dodging
    75 | D:1      | Reached XP level 2. HP: 14/14 MP: 3/3
   374 | D:1      | Reached XP level 3. HP: 18/18 MP: 4/4
   747 | D:1      | 747 ||| READING scroll labelled ENIXZYCHO JAPO.
   751 | D:1      | 751 ||| READING scroll labelled UTEEMEEQISH.
   852 | D:1      | 852 ||| READING scroll labelled LULIUV CEETU.
   852 | D:1      | 852 ||| IDENTIFYING fizzy white potion
   853 | D:1      | 853 ||| DROPPING scroll of butterflies.
  1005 | D:2      | Noticed Jessica
  1007 | D:2      | Killed Jessica
  1008 | D:2      | Reached XP level 4. HP: 22/22 MP: 5/5
  1425 | D:2      | 1425 ||| UPGRADING to +2 robe of willpower.
  1432 | D:2      | 1432 ||| UPGRADING to +0 robe.
  1437 | D:2      | 1437 ||| UPGRADING to +2 robe of willpower.
  1447 | D:2      | 1447 ||| DROPPING +0 robe.
  1448 | D:2      | 1448 ||| UPGRADING to amulet of the acrobat.
  1453 | D:2      | 1453 ||| UPGRADING to +5 ring of evasion.
  1454 | D:2      | 1454 ||| READING scroll labelled BUOKAN GIH CUNOIC.
  1455 | D:2      | 1455 ||| READING 3 scrolls labelled LAOPORRIAS IZE.
  1455 | D:2      | 1455 ||| ENCHANTING +0 shortbow.
  1456 | D:2      | 1456 ||| READING 2 scrolls of enchant weapon.
  1456 | D:2      | 1456 ||| ENCHANTING +1 shortbow.
  1457 | D:2      | 1457 ||| READING scroll of enchant weapon.
  1457 | D:2      | 1457 ||| ENCHANTING +2 shortbow.
  1458 | D:2      | 1458 ||| READING scroll labelled IKKYKUWORET.
  1459 | D:2      | 1459 ||| DRINKING 2 bubbling brown potions.
  1460 | D:2      | 1460 ||| DROPPING potion of magic.
  1538 | D:3      | Reached XP level 5. HP: 26/26 MP: 6/6
  1672 | D:3      | Found a runed translucent door.
  1673 | D:3      | Noticed Crazy Yiuf
  1985 | D:3      | 1985 ||| READING scroll of identify.
  1985 | D:3      | 1985 ||| IDENTIFYING silvery potion
  1986 | D:3      | 1986 ||| DRINKING 3 fuming pink potions.
  1987 | D:3      | 1987 ||| DRINKING potion of curing.
  1987 | D:3      | 1987 ||| (to cure confusion)
  1988 | D:3      | 1988 ||| DROPPING 2 potions of ambrosia.
  1989 | D:3      | 1989 ||| DROPPING potion of lignification.
  2194 | D:4      | Reached skill level 6 in Ranged Weapons
  2212 | D:4      | Found an opulent altar of Gozag.
  2212 | D:4      | Found a glowing silver altar of Zin.
  2267 | D:4      | Reached XP level 6. HP: 30/30 MP: 7/7
  2454 | D:4      | Reached skill level 6 in Dodging
  2583 | D:4      | HP: 4/30 [kobold brigand/+0 dagger (8)]
  2584 | D:4      | 2584 ||| READING scroll of teleportation.
  2584 | D:4      | Slain by a kobold brigand

Levels and vault maps discovered:
D:1:      mushboom_english_gardens, layout_basic, minmay_vboxes
D:2:      layout_loops_cross, minmay_misc_feat_columns, uniq_jessica
D:3:      layout_rooms, uniq_crazy_yiuf_cottage
D:4:      minmay_goblin_kobold_castle, layout_basic,
          grunt_temple_overflow_gold_and_silver, uniq_sigmund

Skill      XL: |  1  2  3  4  5  6 |
---------------+-------------------+-----
Dodging        | 3 4 5 6 |  6.2
Ranged Weapons | 5 6 |  6.6
Fighting       | 2 |  2.0
Stealth        | |  1.5

Action                     |  1- 3 |  4- 6 || total
---------------------------+-------+-------++-------
   Fire: Shortbow          |    99 |   182 ||   281
    Use: Scroll            |     3 |     7 ||    10
         Potion            |       |     3 ||     3
 Armour: Robe              |    10 |    23 ||    33
  Dodge: Dodged            |    16 |   105 ||   121

Table legend:
 A = Non-vault XP
 B = Vault XP
 C = Vault XP percentage of total XP
 D = Non-vault monster count
 E = Vault monster count
 F = Vault count percentage of total count
                 A         B        C        D         E       F
            +---------+---------+-------+---------+---------+-------
      Total |     340 |     266 |  43.9 |      86 |      38 |  30.6
            +---------+---------+-------+---------+---------+-------
        D:1 |      57 |      10 |  14.9 |      33 |       7 |  17.5
        D:2 |      53 |      37 |  41.1 |      23 |       1 |   4.2
        D:3 |     128 |       0 |   0.0 |      25 |       0 |   0.0
        D:4 |     102 |     219 |  68.2 |       5 |      30 |  85.7
            +---------+---------+-------+---------+---------+-------
